 Dungeon Crawl Stone Soup version bcrawl-1.30 (webtiles) character file.

Game seed: 788595631767335729

463964 Krehm the Fighter (level 12, 0/168 HPs)
             Began as a Minotaur Fighter on Mar 11, 2021.
             Was an Elder of Lugonu.
             Slain by a blink frog (9 damage)
             ... on level 1 of the Lair of Beasts.
             The game lasted 00:49:15 (9725 turns).

Krehm the Fighter (Minotaur Fighter)                Turns: 9725, Time: 00:49:15

Health: 0/168      AC: 26    Str: 24    XL:     12   Next: 0%
Magic:  17/17      EV:  1    Int:  5    God:    Lugonu [****..]
Gold:   356        SH: 13    Dex: 12    Spells: 11/11 levels left

rFire    . . .     SeeInvis .   L - +11 long sword "Gowkib" {flame, *Corrode +Rage rPois rN+++}
rCold    + . .     Gourm    .   c - +0 medium shield
rNeg     + + +     Faith    .   (armour currently unavailable)
rPois    +         Spirit   .   (helmet currently unavailable)
rElec    .         Reflect  .   (cloak currently unavailable)
rCorr    .         Harm     .   (gloves currently unavailable)
MR       .....     NoTele   +   (boots currently unavailable)
Stlth    +++.......             q - amulet of regeneration
HPRegen  0.89/turn              B - ring of stealth
MPRegen  0.15/turn              T - ring of protection from cold

@: tree-form
A: giant, (retaliatory headbutt)
a: Depart the Abyss, Bend Space, Banish, Corrupt, Renounce Religion, Evoke
Berserk Rage


You were on level 1 of the Lair of Beasts.
You worshipped Lugonu.
Lugonu was greatly pleased with you.
You were not hungry.
You were a tree.
You visited 2 branches of the dungeon, and saw 11 of its levels.
You also visited: Ossuary and Bailey.

You collected 768 gold pieces.
You spent 412 gold pieces at shops.

Inventory:

Hand Weapons
 a - a +0 war axe
 m - a +0 blowgun
 L - the +11 long sword "Gowkib" (weapon) {flame, *Corrode +Rage rPois rN+++}
   (You took it off an orc on level 6 of the Dungeon)

   It has been specially enchanted to surge with flame as it hits, increasing
   damage dealt by approximately one third against foes not resistant or
   susceptible to fire.
   Its heat also prevents any hydra heads it cuts off from regrowing.
   It protects you from poison.
   It renders you almost immune to negative energy.
   It lets you go berserk.
   It may corrode you when you take damage.
Missiles
 n - 98 poisoned needles
 O - 392 javelins (quivered)
 P - 2 throwing nets {=f}
Armour
 c - a +0 medium shield (worn)
 d - a +1 pair of boots
 h - a +0 pair of boots (melded)
 o - a +0 pair of gloves (melded)
 u - a +0 large shield
 I - a +0 plate armour (melded)
 M - the +2 cloak of Watchfulness (melded) {rF+}
   (You bought it in a shop on level 6 of the Dungeon)

   It protects you from fire.
 Q - a +2 hat of intelligence (melded)
Jewellery
 q - an amulet of regeneration (around neck)
 B - a ring of stealth (left branch)
 E - an uncursed amulet of faith {unknown}
 T - a ring of protection from cold (right branch)
Wands
 b - a wand of scattershot (5)
 g - a wand of flame (12)
 D - a wand of paralysis (8)
 J - a wand of disintegration (10)
 N - a wand of iceblast (5)
Scrolls
 i - 3 scrolls of brand weapon {unknown}
 k - a scroll of amnesia
 l - 6 scrolls of teleportation
 p - 5 scrolls of remove curse
 t - a scroll of blinking
 v - 2 scrolls of enchant weapon
 y - a scroll of magic mapping
 F - 3 scrolls of enchant armour
 K - 2 scrolls of fog
 R - a scroll of fear {unknown}
Potions
 f - 2 potions of lignification
 j - 2 potions of curing
 r - a potion of ambrosia {unknown}
 s - 3 potions of haste {unknown}
 w - 2 potions of magic {unknown}
 x - a potion of flight {unknown}
 z - 3 potions of brilliance {unknown}
 A - a potion of berserk rage {unknown}
 C - a potion of cancellation {unknown}
 G - a potion of mutation {unknown}
 H - a potion of heal wounds {unknown}
Miscellaneous
 S - a box of beasts
Comestibles
 e - 17 rations {!d}
 U - 4 chunks of flesh


   Skills:
 + Level 11.8 Fighting
 * Level 9.0 Long Blades
 - Level 9.9 Axes
 - Level 3.6 Armour
 + Level 11.8 Shields
 + Level 9.2 Invocations


You had 11 spell levels left.
You didn't know any spells.
Your spell library contained the following spells:

 Spells                   Type           Power        Failure   Level  Hunger
 Throw Frost              Conj/Ice       #.....       80%         2    ####...
 Freeze                   Ice            #.....       94%         1    None
 Ozocubu's Armour         Chrm/Ice       #.......     100%        3    #####..
 Ice Form                 Ice/Tmut       #.......     100%        4    ######.
 Summon Ice Beast         Ice/Summ       #.......     100%        4    ######.
 Throw Icicle             Conj/Ice       #.......     100%        4    ######.
 Lightning Bolt           Conj/Air       #.........   100%        5    #######
 Icicle Burst             Conj/Ice       #.........   100%        7    #######
 Chain Lightning          Conj/Air       #.........   100%        8    #######
 Ignition                 Fire           #.........   100%        8    #######
 Shatter                  Erth           #.........   100%        9    #######
 Tornado                  Air            #.........   100%        9    #######


Dungeon Overview and Level Annotations

Branches:
Dungeon (10/12)            Temple (0/1) D:5            Lair (1/6) D:8
    Orc: D:8-11

Altars:
Ashenzari
Dithmenos
Elyvilon
Lugonu
Makhleb
Nemelex Xobeh
Okawaru
Ru
Sif Muna
Uskayaw
Vehumet
Wu Jian
Xom
Yredelemnul

Shops:
D:5 !   D:6 [   D:7 =   D:8 (

Annotations:
D:9 1 runed translucent door, yrara's ghost, journeyman DsFi


Innate Abilities, Weirdness & Mutations

((You reflexively headbutt those who attack you in melee.))
((You have a pair of horns on your head.))


Message History

You slash the bullfrog! You burn the bullfrog.
The bullfrog is heavily wounded.
The bullfrog releases a deep croak.
The bullfrog hits you but does no damage. x2
You hit the bullfrog.
The bullfrog is heavily wounded.
You block the bullfrog's attack. You block the blink frog's attack.
You miss the bullfrog.
The bullfrog is heavily wounded.
The blink frog hits you but does no damage.
The bullfrog hits you.
* * * LOW HITPOINT WARNING * * *
You block the blink frog's attack.
The blink frog blinks!
The bullfrog swells and bulges.
The bullfrog hits you but does no damage.
You slash the bullfrog! You burn the bullfrog.
You kill the bullfrog!
Lugonu accepts your kill. The blink frog hits you!
You die...

.. .... .. .... #..
#..# #.. #..# #..
#..# #..# #..#
####..P###..######.
...........§†......
...........♣F......
######..######.....
##..# .... #F..# ..
##..## .### #...#
...P#####..######
.................
...................


You could see a blink frog.

Vanquished Creatures
  A centaur warrior (D:9)
  A two-headed ogre (D:8)
  A cyclops (D:10)
  A gargoyle (D:10)
  3 cane toads
  A komodo dragon (D:8)
  A rime drake (Lair:1)
  2 trolls
  A hippogriff (D:10)
  6 blink frogs (Lair:1)
  3 slime creatures (D:10)
  2 vampires
  A shadow (D:10)
  A wraith (Ossuary)
  2 wyverns
  2 basilisks
  A steam dragon (D:6)
  2 hungry ghosts
  Grum (Lair:1)
  2 acid dragons
  7 crocodiles
  4 water moccasins
  3 porcupines (D:8)
  8 orc warriors
  A phantom (D:8)
  2 black bears
  An eye of draining (D:10)
  A sky beast (D:9)
  8 wolves
  11 ogres
  3 centaurs
  A big kobold (D:10)
  5 bullfrogs
  A water moccasin zombie (D:8)
  A wyvern skeleton (D:9)
  7 scorpions
  11 killer bees
  A wight (D:6)
  3 howler monkeys
  9 crimson imps
  A bullfrog zombie (D:5)
  2 jellies
  2 quasits
  A centaur zombie (D:9)
  4 hounds
  2 centaur skeletons
  5 orc wizards
  A gnoll shaman (D:3)
  2 bullfrog skeletons (D:5)
  Natasha (thrice) (D:3)
  10 worker ants
  A big kobold zombie (Ossuary)
  A hound skeleton (D:5)
  A hound zombie (D:5)
  3 mummies (Ossuary)
  2 worker ant zombies
  10 adders
  15 gnolls
  2 oozes
  An adder zombie (D:6)
  An adder skeleton (D:9)
  6 worms
  2 dart slugs
  3 leopard geckos
  23 orcs
  A giant cockroach (D:2)
  10 goblins
  7 hobgoblins
  6 jackals
  21 kobolds
  4 quokkas
  8 bats
  2 frilled lizards (D:1)
  2 gnoll zombies (Ossuary)
  4 goblin zombies (Ossuary)
  A hobgoblin zombie (Ossuary)
  4 kobold zombies (Ossuary)
  3 rats
  A spectral orc (D:4)
301 creatures vanquished.

Vanquished Creatures (others)
  4 fungi
  8 plants
12 creatures vanquished.

Grand Total: 313 creatures vanquished

Notes
Turn   | Place    | Note
-------+----------+-------------------------------------------
     0 | D:1      | Krehm the Minotaur Fighter began the quest for the Orb.
     0 | D:1      | Reached XP level 1. HP: 19/19 MP: 0/0
   193 | D:1      | Reached XP level 2. HP: 24/27 MP: 1/1
   731 | D:2      | Reached XP level 3. HP: 27/33 MP: 2/2
   950 | D:2      | Reached XP level 4. HP: 41/41 MP: 3/3
  1411 | D:3      | Found a faded altar of an unknown god.
  1481 | D:3      | Found a corrupted altar of Lugonu.
  1498 | D:3      | Became a worshipper of Lugonu the Unformed
  1542 | D:3      | Reached XP level 5. HP: 46/47 MP: 4/4
  1709 | D:3      | Found a radiant altar of Vehumet.
  1709 | D:3      | Found an ornate altar of the Wu Jian Council.
  1717 | D:3      | Found a faded altar of an unknown god.
  1723 | D:3      | Found a faded altar of an unknown god.
  1740 | D:3      | Found a shimmering altar of Xom.
  1773 | D:3      | Reached skill level 5 in Shields
  1788 | D:3      | Noticed Natasha
  1797 | D:3      | Reached skill level 5 in Fighting
  1799 | D:3      | Killed Natasha
  1800 | D:3      | Reached skill level 1 in Invocations
  1807 | D:3      | Noticed an ogre
  1831 | D:3      | Killed an ogre
  1964 | D:3      | Reached XP level 6. HP: 55/56 MP: 6/6
  2115 | D:3      | Noticed Natasha
  2128 | D:3      | Killed Natasha
  2366 | D:3      | Noticed Natasha
  2375 | D:3      | Killed Natasha
  2524 | D:3      | Reached skill level 5 in Axes
  2594 | D:4      | Found a sand-covered staircase.
  2622 | D:4      | Found a shadowy altar of Dithmenos.
  2638 | Ossuary  | Entered an ossuary
  2638 | Ossuary  | Noticed a wraith
  2638 | Ossuary  | Noticed a wraith
  2638 | Ossuary  | Noticed a wraith
  2764 | Ossuary  | Reached ** piety under Lugonu
  2820 | Ossuary  | Reached XP level 7. HP: 60/62 MP: 7/7
  2829 | Ossuary  | Noticed a wraith
  2851 | Ossuary  | Killed a wraith
  3494 | D:4      | Reached XP level 8. HP: 61/71 MP: 9/9
  3626 | D:4      | Found a shimmering blue altar of Sif Muna.
  3629 | D:4      | Found a sacrificial altar of Ru.
  3635 | D:4      | Found a hide-covered altar of Uskayaw.
  3641 | D:4      | Found a shattered altar of Ashenzari.
  3641 | D:4      | Found a white marble altar of Elyvilon.
  3641 | D:4      | Found an iron altar of Okawaru.
  3643 | D:4      | Found a shadowy altar of Dithmenos.
  3646 | D:4      | Found a burning altar of Makhleb.
  3752 | D:4      | Found a basalt altar of Yredelemnul.
  3852 | D:5      | Entered Level 5 of the Dungeon
  3931 | D:5      | Reached *** piety under Lugonu
  4050 | D:5      | Found a shattered altar of Ashenzari.
  4194 | D:5      | Found Qiemu's Distillery.
  4225 | D:5      | Bought a potion of degeneration for 13 gold pieces
  4475 | D:5      | Found a staircase to the Ecumenical Temple.
  4730 | D:6      | Found Icouff's Armour Shoppe.
  4762 | D:6      | Found a sparkling altar of Nemelex Xobeh.
  4793 | D:6      | Identified the +11 long sword "Gowkib" {flame, *Corrode
                  | +Rage rPois rN+++}
  4798 | D:6      | Reached skill level 5 in Invocations
  4876 | D:6      | Reached XP level 9. HP: 57/81 MP: 11/11
  5344 | D:6      | Found a shattered altar of Ashenzari.
  5572 | D:6      | Bought the +2 cloak of Watchfulness {rF+} for 399 gold
                  | pieces
  5918 | D:7      | Found Hiawe's Jewellery Shoppe.
  5968 | D:7      | Reached **** piety under Lugonu
  6456 | D:8      | Found a sparkling altar of Nemelex Xobeh.
  6560 | D:8      | Noticed a troll
  6573 | D:8      | Killed a troll
  6583 | D:8      | Noticed a two-headed ogre
  6596 | D:8      | Killed a two-headed ogre
  6597 | D:8      | Reached XP level 10. HP: 75/91 MP: 12/14
  6662 | D:8      | Reached skill level 10 in Fighting
  6662 | D:8      | Reached skill level 10 in Shields
  6710 | D:8      | Received a gift from Lugonu
  6766 | D:8      | Found Toboahodd's Antique Weapon Boutique.
  6894 | D:8      | Found a staircase to the Lair.
  7056 | D:9      | Reached skill level 1 in Long Blades
  7107 | D:9      | Found a flagged portal.
  7114 | D:9      | Got a polished hand axe
  7115 | D:9      | Identified the +4 hand axe of Resourcefulness {freeze,
                  | *Noise rC+++ rN+ Str-3 Dex+2} (You found it on level 9 of
                  | the Dungeon)
  7119 | Bailey   | Entered a bailey
  7200 | Bailey   | Received a gift from Lugonu
  7640 | D:9      | Reached XP level 11. HP: 85/101 MP: 16/16
  7764 | D:9      | Noticed a centaur warrior
  7780 | D:9      | Killed a centaur warrior
  7781 | D:9      | Reached skill level 5 in Long Blades
  7896 | D:9      | Found a runed translucent door.
  7900 | D:9      | Noticed yrara's ghost (journeyman DsFi)
  8087 | D:10     | Entered Level 10 of the Dungeon
  8586 | D:10     | Noticed a cyclops
  8601 | D:10     | Killed a cyclops
  9275 | Lair:1   | Entered Level 1 of the Lair of Beasts
  9403 | Lair:1   | Noticed Grum
  9433 | Lair:1   | Killed Grum
  9715 | Lair:1   | Reached XP level 12. HP: 37/112 MP: 17/17
  9725 | Lair:1   | Slain by a blink frog

Skill      XL: |  1  2  3  4  5  6  7  8  9 10 11 |
---------------+----------------------------------+-----
Shields        | 4 5 6 8 9 10 11 | 11.8
Fighting       | 4 5 6 8 9 10 11 | 11.8
Axes           | 3 4 5 6 7 9 |  9.9
Invocations    | 1 2 3 5 6 8 9 |  9.2
Long Blades    | 4 9 |  9.0
Armour         | |  3.6

Action                   |  1- 3 |  4- 6 |  7- 9 | 10-12 || total
-------------------------+-------+-------+-------+-------++-------
Melee: War axe           |    78 |   131 |   311 |   119 ||   639
       Headbutt          |     9 |    20 |    73 |    65 ||   167
       Long sword        |       |       |       |   272 ||   272
 Fire: Blowgun           |       |     4 |     2 |       ||     6
Throw: Javelin           |       |       |       |    48 ||    48
Invok: Bend Space        |       |       |       |     2 ||     2
Evoke: Wand              |       |       |     1 |       ||     1
  Use: Scroll            |     2 |     2 |     7 |     3 ||    14
       Potion            |       |       |     3 |     7 ||    10
  Eat: Chunk             |     3 |    10 |    19 |    23 ||    55
       Ration            |       |       |     1 |     1 ||     2
Armor: Scale mail        |    44 |    58 |    60 |       ||   162
       Plate armour      |       |       |   121 |   238 ||   359
       Skin              |       |       |       |    14 ||    14
Dodge: Dodged            |    18 |    22 |    42 |    44 ||   126
Block: Medium shield     |    29 |    67 |   212 |   326 ||   634
